 Dungeon Crawl Stone Soup version 0.32-a0-876-gcfddb08e57 (webtiles) character file.

Game seed: 8589661126477472536

12435 Foxy the Skirmisher (level 11, -1/87 HPs)
             Began as a Coglin Hunter on Apr 1, 2024.
             Was a High Priest of Okawaru.
             Slain by a red ugly thing (7 damage)
             ... on level 12 of the Dungeon.
             The game lasted 00:23:42 (10144 turns).

Foxy the Skirmisher (Coglin Hunter)                Turns: 10144, Time: 00:23:42

Health: -1/87      AC:  7    Str: 11    XL:     11   Next: 93%
Magic:  12/13      EV: 16    Int: 10    God:    Okawaru [*****.]
Gold:   495        SH:  0    Dex: 21    Spells: 10/10 levels left

rFire   . . .        a - +2 sling {Gurmehar}
rCold   . . .        d - +0 sling {Chidori}
rNeg    . . .        I - +0 troll leather armour
rPois   .            B - +1 helmet
rElec   .            E - +0 cloak
rCorr   .            g - +0 pair of gloves
SInv    +            (no boots)
Will    .....        (amulet unavailable)
Stlth   ++           (ring unavailable)
HPRegen 1.14/turn    (ring unavailable)
MPRegen 0.13/turn    (no gizmo)

%: no passive effects
@: spiked, studying Throwing, revved
A: off-hand wielding, slow wielding, warmup strikes, no jewellery
a: Invent Gizmo, Renounce Religion, Heroism, Finesse, Duel


You were on level 12 of the Dungeon.
You worshipped Okawaru.
Okawaru was extremely pleased with you.
You visited 2 branches of the dungeon, and saw 13 of its levels.
You also visited: Sewer.

You collected 663 gold pieces.
You spent 168 gold pieces at shops.

Inventory:

Hand Weapons
 a - a +2 sling (weapon) {Gurmehar}
 d - a +0 sling (offhand) {Chidori}
Missiles
 G - 2 curare-tipped darts
 H - 15 poisoned darts
Armour
 b - a +0 robe of fire resistance
 g - a +0 pair of gloves (worn)
 k - the +1 leather armour of Broken Taboos {rN+}
   (You found it on level 4 of the Dungeon)

   rN+:       It protects you from negative energy.
 w - a +2 leather armour of willpower
 B - a +1 helmet (worn)
 E - a +0 cloak (worn)
 I - a +0 troll leather armour (worn)
Wands
 D - a wand of light (6)
Scrolls
 c - 5 scrolls of teleportation
 e - 2 scrolls of amnesia
 f - a scroll of torment
 h - 2 scrolls of fear {unknown}
 n - 2 scrolls of poison {unknown}
 p - 2 scrolls of vulnerability
 r - a scroll of silence
 u - a scroll of fog
 x - 3 scrolls of enchant weapon {unknown}
 y - 2 scrolls of blinking
 A - 3 scrolls of enchant armour {unknown}
 F - 2 scrolls of immolation
 K - 3 scrolls of revelation
 M - 3 scrolls of identify
Potions
 i - a potion of berserk rage {unknown}
 l - a potion of magic {unknown}
 o - 2 potions of enlightenment
 s - a potion of lignification {unknown}
 t - 2 potions of haste
 v - 3 potions of mutation
 z - 5 potions of heal wounds
 C - 5 potions of might {unknown}
 J - 3 potions of curing {unknown}
 L - a potion of attraction {unknown}
 N - a potion of cancellation {unknown}


   Skills:
 + Level 8.7 Fighting
 - Level 14.0 Ranged Weapons
 - Level 3.0 Armour
 + Level 8.0 Dodging
 - Level 0.7 Stealth
 * Level 2.7 Invocations
 - Level 7.7 Evocations


You had 10 spell levels left.
You didn't know any spells.
Your spell library contained the following spells:

 Spells                   Type           Power      Damage    Failure   Level
 Dazzling Flash           Conj/Hex       0%         N/A       82%         3
 Fugue of the Fallen      Necr           0%         N/A       82%         3
 Mephitic Cloud           Conj/Alch/Air  0%         N/A       82%         3
 Ozocubu's Armour         Ice            0%         N/A       82%         3
 Cause Fear               Hex            0%         N/A       99%         4
 Curse of Agony           Necr           0%         N/A       100%        5
 Fireball                 Conj/Fire      0%         3d3       100%        5
 Silence                  Hex/Air        0%         N/A       100%        5
 Manifold Assault         Tloc           0%         N/A       100%        7
 Dragon's Call            Summ           Unusable   N/A       N/A         9

Dungeon Overview and Level Annotations

Branches:
Dungeon (12/15)            Temple (1/1) D:7            Lair (0/5) D:9
    Orc (0/2) D:12          Sewer (visited)

Altars:
Ashenzari
Cheibriados
Dithmenos
Elyvilon
Fedhas
Gozag
Hepliaklqana
Kikubaaqudgha
Makhleb
Nemelex Xobeh
Okawaru
Qazlal
Ru
Sif Muna
Trog
Uskayaw
Vehumet
Wu Jian
Xom
Yredelemnul
Zin
The Shining One

Shops:
D:1 [   D:4 (:?*   D:5 :   D:8 *   D:9 (   D:11 (


Innate Abilities, Weirdness & Mutations

You can wield a second weapon in your off-hand.
It takes a long time for you to wield or remove held weapons.
Your first few attacks do less damage.
You cannot equip rings or amulets.


Message History

Aim: a manticore (heavily wounded, 84% to hit)
The bolt of light hits the red ugly thing!
The red ugly thing is heavily wounded.
The red ugly thing is blinded.
The bolt of light hits the manticore!!
The manticore is almost dead.
The manticore is blinded.
The red ugly thing punches you.
You are engulfed in flames!!
Unknown command.
You shoot a sling bullet.
The sling bullet hits the manticore but does no damage.
The manticore is almost dead.
You shoot a sling bullet. The sling bullet hits the manticore!
You kill the manticore!
Okawaru accepts your kill. The red ugly thing barely misses you.
Your Dodging skill increases to level 8!
You shoot a sling bullet.
The sling bullet hits the red ugly thing.
The red ugly thing is heavily wounded.
You shoot a sling bullet.
The sling bullet hits the red ugly thing!
The red ugly thing is severely wounded.
The red ugly thing misses you.
You shoot a sling bullet.
The sling bullet closely misses the red ugly thing.
You shoot a sling bullet.
The sling bullet closely misses the red ugly thing.
Unknown command.
You shoot a sling bullet.
The sling bullet closely misses the red ugly thing.
You shoot a sling bullet.
The sling bullet completely misses the red ugly thing.
The red ugly thing punches you!
You are engulfed in flames!
Unknown command.
As you read the scroll labelled KANALO SULOOTA, it crumbles to dust.
You feel aware of your surroundings.
It was a scroll of revelation.
The komodo dragon bites you!!
* * * LOW HITPOINT WARNING * * *
The red ugly thing punches you!
You die...

,,,*,,,,,..........,.....,,,,..,#
,>***,,,,......#..#......,,,,,.##
*,,,,,,,,......#.?#......,**,,,..
**,*,,,,*.............>..,*,,,,#.
*,,,,,,,,.....##.†....###,#..###.
*,,,,,,,,.......<†#....#**#......
***,,,,,,........###.##.#*....{).
*,,,,,,........#.#.##..,....)l.
**,,***.......@....##.,,..o.o..
**,,,,......lu.##....,,...?...
**,,,,...............,,.......
**,,,,,.........##....,,.......
*,,,,,,..##...........,,.......
**,,,,,..#............,,,,,,,,,
****,,#..............,,,,,,,,,
**,#..###.........,,,,,,,,,
***,,,,**,,,,,,,,,,,,,,,,,


You could see a red ugly thing (blind, unable to see you) and a komodo dragon.

Vanquished Creatures
  2 two-headed ogres
  4 manticores
  Maggie (D:9)
  A komodo dragon (D:10)
  A rime drake (D:9)
  2 trolls
  2 wraiths
  A wyvern (D:10)
  13 yaks
  4 vampire mosquitoes
  A steam dragon (D:6)
  A water moccasin (D:7)
  2 sky beasts
  5 ice beasts
  4 orc warriors
  3 black bears
  2 ogres
  2 wolves (D:9)
  7 centaurs
  4 kobold brigands
  2 bullfrogs
  A brain worm (Sewer)
  3 gnoll sergeants
  6 wights
  7 killer bees
  2 howler monkeys (D:12)
  7 hounds
  A bombardier beetle (D:5)
  7 orc priests
  Crazy Yiuf (D:6)
  4 jellies
  3 gnoll boudas
  A sleepcap (D:7)
  An iguana (D:5)
  8 orc wizards
  14 gnolls
  7 adders
  A river rat (D:3)
  2 shadow imps (D:7)
  3 white imps
  2 ribbon worms (D:3)
  4 dart slugs
  34 orcs
  9 ball pythons
  12 bats
  6 endoplasms
  6 giant cockroaches
  6 hobgoblins
  9 jackals
  8 quokkas
  2 frilled lizards (Sewer)
  5 goblins
  16 kobolds
  9 rats
271 creatures vanquished.

Vanquished Creatures (collateral kills)
  A dart slug (Sewer)
1 creature vanquished.

Vanquished Creatures (others)
  2 orc wizards
  A gnoll (D:8)
  An orc (D:6)
4 creatures vanquished.

Grand Total: 276 creatures vanquished

Notes
Turn   | Place    | Note
-------+----------+-------------------------------------------
     0 | D:1      | Foxy the Coglin Hunter began the quest for the Orb.
     0 | D:1      | Reached XP level 1. HP: 16/16 MP: 1/1
   110 | D:1      | Found Ezxamov's Armour Boutique.
   121 | D:1      | Reached XP level 2. HP: 22/22 MP: 2/2
   196 | D:1      | Reached skill level 4 in Ranged Weapons
   236 | D:1      | Reached XP level 3. HP: 28/28 MP: 3/3
   823 | D:2      | You fall into a shaft and drop 2 floors!
   823 | D:4      | Found Estogup's Weapon Shop.
   913 | D:4      | Identified the +1 leather armour of Broken Taboos {rN+}
   961 | D:3      | Reached XP level 4. HP: 34/34 MP: 4/4
  1015 | D:3      | Found a hide-covered altar of Uskayaw.
  1019 | D:3      | Noticed a +0 hand axe
  1022 | D:3      | Noticed a +0 hand axe
  1145 | D:3      | Found a glowing drain.
  1152 | Sewer    | Entered a sewer
  1188 | Sewer    | Reached skill level 1 in Evocations
  1396 | Sewer    | Noticed a brain worm
  1399 | Sewer    | Killed a brain worm
  1400 | Sewer    | Reached XP level 5. HP: 38/41 MP: 5/5
  1705 | D:3      | Reached skill level 5 in Ranged Weapons
  2069 | D:2      | Reached XP level 6. HP: 47/47 MP: 6/6
  2579 | D:3      | Found a broken altar of Ashenzari.
  2743 | D:4      | Found Cyocsud's General Store.
  2753 | D:4      | Bought a scroll of identify for 20 gold pieces
  2781 | D:4      | Found Joinnuph's Magic Scroll Shoppe.
  2790 | D:4      | Bought a scroll of blinking for 82 gold pieces
  2790 | D:4      | Bought 3 scrolls of identify for 66 gold pieces
  3235 | D:4      | Found Ojarawka's Book Emporium.
  3284 | D:5      | Entered Level 5 of the Dungeon
  3329 | D:5      | Reached skill level 9 in Ranged Weapons
  3329 | D:5      | Reached XP level 7. HP: 59/59 MP: 7/7
  3330 | D:5      | Reached skill level 12 in Ranged Weapons
  3330 | D:5      | Reached XP level 8. HP: 65/65 MP: 8/8
  3404 | D:5      | Identified the +9 whip "Qouso" {heavy, Dex+3}
  3768 | D:5      | Found Usiafank's Self-Improvement Boutique.
  4006 | D:6      | Identified a scroll of acquirement
  4007 | D:6      | Acquired a manual of Throwing
  4021 | D:6      | Reached XP level 9. HP: 71/71 MP: 9/9
  4152 | D:6      | Found a runed translucent door.
  4153 | D:6      | Noticed Crazy Yiuf
  4456 | D:6      | Found a burning altar of Makhleb.
  5236 | D:6      | Killed Crazy Yiuf
  5335 | D:7      | Found a staircase to the Ecumenical Temple.
  5344 | Temple   | Entered the Ecumenical Temple
  5489 | D:7      | Found a glowing silver altar of Zin.
  5489 | D:7      | Noticed an angel
  5508 | D:7      | Found a shimmering altar of Xom.
  5649 | D:7      | Found an iron altar of Okawaru.
  5688 | D:7      | Became a worshipper of Warmaster Okawaru
  6185 | D:7      | Reached skill level 1 in Armour
  6198 | D:7      | Noticed a manticore
  6208 | D:7      | Killed a manticore
  6209 | D:7      | Reached XP level 10. HP: 42/79 MP: 10/10
  6215 | D:7      | Reached * piety under Okawaru
  6456 | D:7      | Reached skill level 13 in Ranged Weapons
  7357 | D:8      | Found Bamedghyace's Demolitions Depot.
  7432 | D:8      | Found a bloodstained altar of Trog.
  7745 | D:8      | Identified the amulet of Maolacich {Acrobat rN+ Str+2
                  | Stlth+}
  7791 | D:9      | Noticed Maggie
  7804 | D:9      | Killed Maggie
  7804 | D:9      | Reached ** piety under Okawaru
  7968 | D:9      | Found a staircase to the Lair.
  8130 | D:9      | Reached XP level 11. HP: 39/86 MP: 11/11
  8218 | D:9      | Noticed a two-headed ogre
  8231 | D:9      | Killed a two-headed ogre
  8231 | D:9      | Reached *** piety under Okawaru
  8388 | D:9      | Found Ustryelass's Antique Weapon Shoppe.
  8934 | D:10     | Entered Level 10 of the Dungeon
  8952 | D:10     | Found an ancient bone altar of Kikubaaqudgha.
  9285 | D:10     | Reached **** piety under Okawaru
  9425 | D:11     | Noticed a two-headed ogre
  9479 | D:11     | Killed a two-headed ogre
  9490 | D:11     | Reached skill level 14 in Ranged Weapons
  9490 | D:11     | Reached skill level 1 in Invocations
  9551 | D:11     | Found Omuom's Antique Weapon Boutique.
  9766 | D:11     | Noticed a manticore
  9774 | D:11     | Killed a manticore
  9877 | D:11     | Reached ***** piety under Okawaru
  9960 | D:11     | Found a shimmering blue altar of Sif Muna.
  9988 | D:12     | Noticed a manticore
 10081 | D:12     | Noticed a manticore
 10099 | D:12     | Killed a manticore
 10130 | D:12     | Noticed a red ugly thing
 10140 | D:12     | Killed a manticore
 10144 | D:12     | Slain by a red ugly thing

Illustrated notes

Levels and vault maps discovered:
D:1:      sevenhm_arrival_forest_fort_large_4, layout_rooms, serial_shops,
          nicolae_shop_window_shopping
D:2:      layout_basic
D:3:      layout_rooms, dancing_weapons_uskayaw, mainiacjoe_overflow_alcove_2,
          gup_sewer_entry_bubbles
D:4:      layout_cave_pods, serial_shops, shop_fountains,
          nicolae_shop_gibbet_a_chance,
          nicolae_shop_competitors_out_of_business, shop
D:5:      layout_cave_pools, serial_gnoll_camp, gnoll_camp_mini_loothouse,
          gnoll_camp_huts_basic, gnoll_camp_mini_hut, gnoll_camp_mini_hut,
          nicolae_shop_self_help
D:6:      layout_basic, kennysheep_mini, kennysheep_nub, uniq_crazy_yiuf_cottage
D:7:      nzn_winding_woodlands_medium [nzn_winding_woodlands_5x5_perimeter,
          nzn_winding_woodlands_5x15_cabin,
          nzn_winding_woodlands_5x5_checkerboard,
          nzn_winding_woodlands_5x5_closed_star,
          nzn_winding_woodlands_center_lodge, nzn_winding_woodlands_5x5_default,
          nzn_winding_woodlands_5x5_three,
          nzn_winding_woodlands_5x15_river_crossing,
          nzn_winding_woodlands_5x5_default], layout_loops_corners,
          grunt_temple_overflow_order_and_chaos_1, okawaru_trees_2,
          minmay_temple_entry_water_ring, nicolae_nh_ransacked_shop
D:8:      layout_cave_pools, mainiacjoe_overflow_chevrons, nicolae_blasting_shop
D:9:      layout_roguey, hellmonk_lair_entry_icy, serial_shops,
          nicolae_inconvenience_store, uniq_maggie
D:10:     layout_basic, kiku_gazebo_pond_becter
D:11:     layout_rooms, serial_shops, nicolae_square_shop, led_sif_pool
D:12:     layout_cave_pools, orc_0_dummy, minmay_st_funbox
Temple:   minmay_temple_curvy_branch

Skill      XL: |  1  2  3  4  5  6  7  8  9 10 11 |
---------------+----------------------------------+-----
Dodging        | 2 6 7 8 |  8.0
Ranged Weapons | 4 5 9 12 13 14 | 14.0
Evocations     | 1 2 7 |  7.7
Fighting       | 3 6 7 8 |  8.7
Armour         | 1 2 3 |  3.0
Invocations    | 2 |  2.7
Stealth        | |  0.7

Action                     |  1- 3 |  4- 6 |  7- 9 | 10-12 || total
---------------------------+-------+-------+-------+-------++-------
   Fire: Sling             |   146 |   250 |   556 |  1176 ||  2128
  Evoke: Wand              |       |     1 |       |     1 ||     2
    Use: Scroll            |     1 |     1 |     9 |     4 ||    15
         Potion            |       |     1 |     1 |       ||     2
 Armour: Leather armour    |    13 |    23 |    58 |    91 ||   185
         Troll leather arm |       |       |       |    83 ||    83
         Robe              |       |       |       |     1 ||     1
  Dodge: Dodged            |    20 |    26 |    56 |   196 ||   298

Table legend: (Time is in decaauts)
 A = Elapsed time spent in this place.
 B = Non-inter-level travel time spent in this place.
 C = Inter-level travel time spent in this place.
 D = Time resting spent in this place.
 E = Time spent auto-exploring this place.
 F = Levels seen in this place.
 G = Mean time per level.
                   A        B        C        D        E       F      G
               +--------+--------+--------+--------+--------+-----+--------+
         Total |  10202 |   9568 |    634 |    811 |   6862 |  14 |  728.7 |
       Dungeon |   9508 |   8874 |    634 |    811 |   6305 |  12 |  792.3 |
        Temple |      1 |      1 |      0 |      0 |      0 |   1 |    1.0 |
         Sewer |    692 |    692 |      0 |      0 |    557 |   1 |  692.0 |
               +--------+--------+--------+--------+--------+-----+--------+

Top non-repeatable levels by time:
     D:7: 1810 daAuts
     D:6: 1315 daAuts
     D:9: 1116 daAuts
     D:4: 744 daAuts
     D:3: 734 daAuts
     D:1: 695 daAuts
   Sewer: 692 daAuts
     D:2: 684 daAuts
     D:5: 646 daAuts
     D:8: 601 daAuts
    D:11: 580 daAuts
    D:10: 500 daAuts
    D:12: 79 daAuts
  Temple: 1 daAuts
